 Dungeon Crawl Stone Soup version 0.29-a0-214-g17f627c (webtiles) character file.

Game seed: 5430780152546426831

4706 Dorkslayer the Spear-Bearer (level 10, -3/70 (74) HPs)
             Began as a Merfolk Fighter on Feb 24, 2022.
             Was an Initiate of Gozag.
             Hit by a large rock thrown by a cyclops (37 damage)
             ... on level 9 of the Dungeon.
             The game lasted 00:24:47 (7349 turns).

Dorkslayer the Spear-Bearer (Merfolk Fighter)       Turns: 7349, Time: 00:24:48

HP:   -3/70 (74)    AC: 14    Str: 19    XL:     10   Next: 45%
MP:   19/19         EV:  6    Int:  6    God:    Gozag
Gold: 665           SH: 10    Dex: 13    Spells: 9/9 levels left

rFire   . . .      SeeInvis .   a - +1 trident
rCold   + . .      Faith    .   c - +0 buckler
rNeg    . . .      Spirit   .   p - +1 plate armour
rPois   .          Reflect  +   (no helmet)
rElec   .          Harm     .   i - scarf {+Inv}
rCorr   .          Rampage  .   (no gloves)
Will    .....                   m - +0 pair of boots
Stlth   ..........              d - amulet of reflection
HPRegen 0.21/turn               w - ring of flight
MPRegen 0.16/turn               t - ring of magical power

@: marked, flying, very slightly contaminated, drained, invisible (expiring),
unable to read
A: (nimble swimmer 2), mertail, clumsy 1, cold resistance 1, dopey 1, inability
to read while threatened
a: Renounce Religion, Evoke Invisibility, Potion Petition, Call Merchant, Bribe
Branch


You were on level 9 of the Dungeon.
You worshipped Gozag.
Gozag was pleased with you.
You visited 2 branches of the dungeon, and saw 10 of its levels.

You collected 781 gold pieces.
You spent 46 gold pieces at shops.
You paid 70 gold pieces to Gozag.

Inventory:

Hand Weapons
 a - a +1 trident (weapon)
Missiles
 j - 3 silver boomerangs
 o - 10 boomerangs (quivered)
Armour
 c - a +0 buckler (worn)
 i - a scarf of invisibility (worn)
 m - a +0 pair of boots (worn)
 p - a +1 plate armour (worn)
Jewellery
 d - an amulet of reflection (around neck)
 t - a ring of magical power (right hand)
 w - a ring of flight (left hand)
Wands
 h - a wand of digging (7)
 n - a wand of flame (2)
 r - a wand of iceblast (7)
Scrolls
 e - 3 scrolls of fog
 f - a scroll of torment
 g - a scroll of amnesia
 k - a scroll of enchant armour
 u - a scroll of blinking
 v - 3 scrolls of teleportation
Potions
 b - 2 potions of flight
 q - a potion of might
 s - 2 potions of curing


   Skills:
 + Level 5.3 Fighting
 + Level 11.0 Polearms
 * Level 5.1 Throwing
 + Level 4.8 Armour
 + Level 2.4 Dodging
 + Level 3.1 Stealth
 + Level 6.1 Shields
 * Level 6.3 Evocations


You had 9 spell levels left.
You didn't know any spells.
Your spell library contained the following spells:

 Spells                   Type           Power      Damage    Failure   Level
 Frozen Ramparts          Ice            0%         1d2       100%        3
 Inner Flame              Hex/Fire       0%         N/A       100%        3
 Ozocubu's Armour         Ice            0%         N/A       100%        3
 Cause Fear               Hex            0%         N/A       100%        4
 Ice Form                 Ice/Tmut       0%         N/A       100%        4
 Summon Ice Beast         Ice/Summ       0%         N/A       100%        4
 Ozocubu's Refrigeration  Ice            0%         4d5       100%        7
 Discord                  Hex            0%         N/A       100%        8


Dungeon Overview and Level Annotations

Branches:
Dungeon (9/15)             Temple (1/1) D:5            Lair (0/6) D:8
    Orc: D:9-12

Altars:
Ashenzari
Cheibriados
Dithmenos
Elyvilon
Fedhas
Gozag
Hepliaklqana
Kikubaaqudgha
Makhleb
Nemelex Xobeh
Okawaru
Qazlal
Ru
Sif Muna
Trog
Uskayaw
Vehumet
Wu Jian
Xom
Yredelemnul
Zin
The Shining One

Shops:
D:5 (


Innate Abilities, Weirdness & Mutations

((You are very nimble when in or above water. (Stealth+, EV+, Speed+++)))
Your lower body shifts to a powerful aquatic tail in water.
You are clumsy. (Dex -2)
Your flesh is cold resistant. (rC+)
You are dopey. (Int -2)
You sometimes lose the ability to read scrolls when taking damage.


Message History

The mass of ice explodes!
The iceblast engulfs the hornet!
The hornet is moderately wounded.
The hornet is no longer distracted by gold.
The hornet buzzes angrily.
The iceblast engulfs something!
The iceblast engulfs the cyclops!
The cyclops is heavily wounded.
The hornet is distracted by your dazzling golden aura.
Unknown command.
You barely miss the hornet.
The hornet is no longer distracted by gold.
The hornet buzzes angrily.
The hornet is moderately wounded.
A kobold brigand comes into view.
It is wielding a +2 dagger of flaming and quivering poisoned darts.
You block the hornet's attack.
Okay, then.
You catch the helpless hornet completely off-guard!
You hit the hornet but do no damage.
The hornet is moderately wounded.
The hornet stings you but does no damage.
The kobold brigand is distracted by your dazzling golden aura.
You barely miss the hornet.
The hornet is moderately wounded.
The hornet stings you but does no damage.
A kobold comes into view.
It is wielding a +1 short sword of protection.
You catch the helpless hornet completely off-guard!
You hit the hornet but do no damage.
The hornet is moderately wounded.
The hornet closely misses you.
You puncture the hornet!
The hornet is severely wounded.
The kobold brigand is no longer distracted by gold.
The hornet closely misses you.
A kobold comes into view. It is wielding a +2 dagger of venom.
The cyclops throws a large rock.
The large rock barely misses the hornet.
The large rock hits you!!!
You feel threatened and lose the ability to read scrolls!
Ouch! That really hurt!
You die...
Your body crumbles into a pile of gold.

##################
.........))......#
################.#
#@# ###y########
#..CW..!...#
#..K$......#
#..........#
#..........#
#..K.......#
#.KK.......#
+..........#


You could see a cyclops, a hornet, a phantom, a kobold brigand and 3 kobolds.

Vanquished Creatures
  A two-headed ogre (D:5)
  2 death yaks
  A troll (D:6)
  A steam dragon (D:7)
  2 water moccasins (D:7)
  2 orc warriors (D:6)
  A sky beast (D:4)
  An ice beast (D:5)
  3 ogres
  3 phantoms
  A kobold brigand (D:9)
  3 bullfrogs
  A wyvern zombie (D:6)
  2 scorpions
  2 water moccasin zombies
  A water moccasin skeleton (D:6)
  3 killer bees (D:9)
  3 howler monkeys
  A bullfrog zombie (D:5)
  A bullfrog skeleton (D:5)
  2 orc priests
  6 jellies
  3 iguanas
  6 orc wizards
  A hound skeleton (D:4)
  A howler monkey zombie (D:7)
  3 gnolls (D:4)
  11 adders
  2 ufetubi
  19 orcs
  3 bats
  14 endoplasms
  2 giant cockroaches (D:2)
  A goblin (D:3)
  9 hobgoblins
  3 jackals (D:2)
  18 kobolds
  2 quokkas (D:3)
  5 ball pythons
  9 frilled lizards
  A goblin zombie (D:9)
  6 rats
162 creatures vanquished.

Vanquished Creatures (others)
  A killer bee (D:9)
  A hobgoblin skeleton (D:9)
  9 fungi (D:3)
  7 toadstools (D:3)
18 creatures vanquished.

Grand Total: 180 creatures vanquished

Notes
Turn   | Place    | Note
-------+----------+-------------------------------------------
     0 | D:1      | Dorkslayer the Merfolk Fighter began the quest for the Orb.
     0 | D:1      | Reached XP level 1. HP: 18/18 MP: 1/1
   294 | D:1      | Reached XP level 2. HP: 24/24 MP: 2/2
   975 | D:2      | Reached skill level 1 in Evocations
   975 | D:2      | Reached XP level 3. HP: 26/29 MP: 3/3
  1095 | D:2      | Reached skill level 3 in Polearms
  1102 | D:2      | Found a faded altar of an unknown god.
  1161 | D:2      | Reached XP level 4. HP: 31/35 MP: 4/4
  1721 | D:3      | Reached skill level 1 in Dodging
  1728 | D:3      | Reached skill level 4 in Polearms
  1728 | D:3      | Reached XP level 5. HP: 42/42 MP: 5/5
  2062 | D:3      | Reached skill level 5 in Polearms
  2062 | D:3      | Reached XP level 6. HP: 40/48 MP: 6/6
  2843 | D:4      | Reached skill level 6 in Polearms
  3077 | D:4      | Found a shimmering altar of Xom.
  3202 | D:5      | Entered Level 5 of the Dungeon
  3202 | D:5      | Noticed a two-headed ogre
  3203 | D:5      | Noticed a sky beast
  3251 | D:5      | Reached XP level 7. HP: 51/54 MP: 7/7
  3303 | D:4      | Gained mutation: Your body sometimes deteriorates upon
                  | taking damage. [potion of mutation]
  3303 | D:4      | Gained mutation: You are clumsy. (Dex -2) [potion of
                  | mutation]
  3304 | D:4      | Lost mutation: Your body sometimes deteriorates upon taking
                  | damage. [potion of mutation]
  3304 | D:4      | Lost mutation: You are clumsy. (Dex -2) [potion of
                  | mutation]
  3304 | D:4      | Gained mutation: You occasionally shout uncontrollably at
                  | your foes. [potion of mutation]
  3304 | D:4      | Gained mutation: You have hidden genetic defects. [potion
                  | of mutation]
  3304 | D:4      | Gained mutation: Your system is resistant to poisons.
                  | (rPois) [potion of mutation]
  3319 | D:4      | Reached skill level 1 in Throwing
  3559 | D:5      | Gained mutation: You are frail. (-10% HP) [hidden defects]
  3578 | D:5      | Found Maympel's Weapon Shoppe.
  3602 | D:5      | Bought 6 curare-tipped darts for 46 gold pieces
  3619 | D:5      | Reached skill level 7 in Polearms
  3629 | D:5      | Gained mutation: You do not regenerate when monsters are
                  | visible. [hidden defects]
  3629 | D:5      | Lost mutation: You have hidden genetic defects. [hidden
                  | defects expressed]
  3844 | D:5      | Reached XP level 8. HP: 50/54 MP: 8/8
  3847 | D:5      | Found a staircase to the Ecumenical Temple.
  3858 | Temple   | Entered the Ecumenical Temple
  3931 | Temple   | Became a worshipper of Gozag Ym Sagoz the Greedy
  4045 | D:5      | Lost mutation: You are frail. (-10% HP) [potion of
                  | mutation]
  4045 | D:5      | Lost mutation: You occasionally shout uncontrollably at
                  | your foes. [potion of mutation]
  4045 | D:5      | Lost mutation: Your system is resistant to poisons. (rPois)
                  | [potion of mutation]
  4045 | D:5      | Gained mutation: You are dopey. (Int -2) [potion of
                  | mutation]
  4045 | D:5      | Gained mutation: Your spells are a little easier to cast,
                  | but a little less powerful. [potion of mutation]
  4045 | D:5      | Gained mutation: You sometimes lose the ability to read
                  | scrolls when taking damage. [potion of mutation]
  4045 | D:5      | Gained mutation: You expend magic power (3 MP) to
                  | strengthen your wands. [potion of mutation]
  4046 | D:5      | Lost mutation: You do not regenerate when monsters are
                  | visible. [potion of mutation]
  4046 | D:5      | Lost mutation: Your spells are a little easier to cast, but
                  | a little less powerful. [potion of mutation]
  4046 | D:5      | Lost mutation: You expend magic power (3 MP) to strengthen
                  | your wands. [potion of mutation]
  4046 | D:5      | Gained mutation: You are clumsy. (Dex -2) [potion of
                  | mutation]
  4046 | D:5      | Gained mutation: Your flesh is cold resistant. (rC+)
                  | [potion of mutation]
  4349 | D:5      | Killed a two-headed ogre
  4350 | D:5      | Reached skill level 8 in Polearms
  4544 | D:6      | Reached XP level 9. HP: 16/66 MP: 9/9
  4816 | D:6      | Reached skill level 1 in Stealth
  4829 | D:6      | Reached skill level 9 in Polearms
  4930 | D:6      | Reached skill level 5 in Shields
  5003 | D:6      | You fall into a shaft and drop 1 floor!
  5009 | D:7      | Reached skill level 5 in Evocations
  5348 | D:6      | Reached skill level 10 in Polearms
  5411 | D:6      | Noticed a troll
  5432 | D:6      | Killed a troll
  5433 | D:6      | Reached skill level 5 in Fighting
  6219 | D:7      | Reached XP level 10. HP: 51/74 MP: 10/10
  6792 | D:8      | Noticed a death yak
  6793 | D:8      | Noticed a death yak
  6794 | D:8      | Found a staircase to the Lair.
  6794 | D:8      | Noticed a death yak
  6794 | D:8      | Noticed a death yak
  6796 | D:8      | Noticed a death yak
  6796 | D:8      | Noticed a death yak
  6803 | D:8      | Killed a death yak
  7011 | D:9      | Killed a death yak
  7012 | D:9      | Reached skill level 5 in Throwing
  7246 | D:9      | Reached skill level 11 in Polearms
  7320 | D:9      | Noticed a cyclops
  7349 | D:9      | Hit by a large rock thrown by a cyclops

Illustrated notes

Levels and vault maps discovered:
D:1:      heliophobic_arrival_enchanted_forest, layout_basic, serial_glass,
          glass_columns_b, glass_columns_b, minmay_lizard_pond
D:2:      layout_rooms, ebering_ecumenical_altar_hall, st_stairs_7
D:3:      cheibrodos_fertilizer, layout_loops_ring, minmay_misc_feat_five
D:4:      layout_cave_pools, tgw_xom, minmay_bisected
D:5:      layout_loops_ring, temple_pool_b, serial_shops, shop
D:6:      layout_gridville
D:7:      layout_cave_pools, nicolae_benzene_ring, serial_bayou_pond_e
D:8:      layout_loops_corners, dpeg_lair_monsters
D:9:      layout_basic, zombieorc2_lemuel, serial_shops,
          nicolae_shop_hallway_plus, hangedman_decor_growths
Temple:   mainiacjoe_temple_starburst

Skill      XL: |  1  2  3  4  5  6  7  8  9 10 |
---------------+-------------------------------+-----
Evocations     | 1 2 3 4 5 6 |  6.3
Polearms       | 3 4 5 6 7 8 10 11 | 11.0
Dodging        | 1 2 |  2.4
Fighting       | 4 5 |  5.3
Armour         | 3 4 |  4.8
Throwing       | 1 3 4 5 |  5.1
Shields        | 4 5 6 |  6.1
Stealth        | 3 |  3.1

Action                   |  1- 3 |  4- 6 |  7- 9 | 10-12 || total
-------------------------+-------+-------+-------+-------++-------
Melee: Trident           |    93 |   190 |   325 |    71 ||   679
Throw: Boomerang         |       |     2 |     3 |       ||     5
       Dart              |       |       |    29 |     3 ||    32
 Abil: Evoke Invisibilit |       |       |     1 |     1 ||     2
Evoke: Wand              |       |       |     7 |     2 ||     9
  Use: Scroll            |       |     6 |     8 |       ||    14
       Potion            |       |     2 |     9 |     2 ||    13
 Stab: Distracted        |       |       |     1 |       ||     1
       Invisible         |       |       |     8 |     4 ||    12
Armor: Scale mail        |    30 |    25 |       |       ||    55
       Chain mail        |       |    28 |       |       ||    28
       Plate armour      |       |    24 |   150 |    17 ||   191
       Skin              |       |       |     3 |       ||     3
Dodge: Dodged            |    39 |    52 |    56 |    11 ||   158
Block: Buckler           |    18 |    29 |   143 |    22 ||   212
       Reflection        |       |     1 |       |       ||     1

Table legend: (Time is in decaauts)
 A = Elapsed time spent in this place.
 B = Non-inter-level travel time spent in this place.
 C = Inter-level travel time spent in this place.
 D = Time resting spent in this place.
 E = Time spent auto-exploring this place.
 F = Levels seen in this place.
 G = Mean time per level.
                   A        B        C        D        E       F      G
               +--------+--------+--------+--------+--------+-----+--------+
         Total |   7342 |   7342 |      0 |   1968 |   1685 |  10 |  734.2 |
       Dungeon |   7178 |   7178 |      0 |   1968 |   1649 |   9 |  797.6 |
        Temple |    163 |    163 |      0 |      0 |     36 |   1 |  163.0 |
               +--------+--------+--------+--------+--------+-----+--------+

Top non-repeatable levels by time:
     D:3: 1187 daAuts
     D:6: 1182 daAuts
     D:5: 1029 daAuts
     D:1: 979 daAuts
     D:4: 834 daAuts
     D:7: 700 daAuts
     D:2: 505 daAuts
     D:9: 498 daAuts
     D:8: 260 daAuts
  Temple: 163 daAuts
